cohdb
Replays
Latest Replays
All Replays
Popular Replays
Top Player Replays
Match Explorer
How It Works
Community
CoH3 Stats
Reddit
Sign in to upload your games and track your stats! →
Sign in with Steam
Match 44671467
Unlisted
Match 44671467
Overview
Messages
Build Orders
End
Construct Weapon Support Center
Selects Heavy Weapons
M1919 Machine Gun Team
Sniper
Bazooka Squad
Construct Barracks
Riflemen Squad
Selects Assault Carriers
Selects M2HB .50cal Heavy Machine Gun
Air Support Center
Riflemen Squad
M3 Armored Personnel Carrier
Selects Assault Carriers
M3 Assault Carrier
Selects Exchangeable Parts
Engineer Squad
M1919 Machine Gun Team
M3 Assault Carrier
M3 Assault Carrier
Selects Rapid Reposition
Construct Motor Pool
M1 Anti-tank Gun Team
M1919 Machine Gun Team
Construct Tank Depot
Double Sortie
Grenade Package
P-47 Strafing Run
P-47 Dive Bomb
M1 Anti-tank Gun Team
P-47 Strafing Run
P-47 Dive Bomb
Riflemen Squad
Note33299
DibbeTC
Seventh SL
SergioMoralez
AlexK
Codenames
KG_HyperX
fanren
0
0
Comments
sign in to comment!
No comments posted yet!